 Dungeon Crawl Stone Soup version 0.21-a0-241-g2cbab09 (webtiles) character file.

88 Chiseanne the Skirmisher (level 4, 0/48 HPs)
             Began as an Ogre Wanderer on Sept 3, 2017.
             Slain by a gnoll
             ... wielding a +0 halberd
              (10 damage)
             ... on level 2 of the Dungeon.
             The game lasted 00:02:56 (1912 turns).

Chiseanne the Skirmisher (Ogre Wanderer)            Turns: 1912, Time: 00:02:57

Health: 0/48       AC:  3    Str: 17    XL:     4   Next: 53%
Magic:  5/5        EV: 10    Int: 13    God:
Gold:   70         SH:  0    Dex:  8    Spells: 5/5 levels left

rFire    . . .     SeeInvis .   a - +2 mace
rCold    . . .     Gourm    .   (no shield)
rNeg     . . .     Faith    .   d - +0 robe
rPois    .         Spirit   .   (helmet restricted)
rElec    .         Reflect  .   (no cloak)
rCorr    .         Harm     .   (gloves unavailable)
MR       .....                  (boots unavailable)
Stlth    +.........             (no amulet)
HPRegen  0.16/turn              (no ring)
MPRegen  0.09/turn              (no ring)

@: no status effects
A: unfitting armour, tough skin 1
a: no special abilities


You were on level 2 of the Dungeon.
You were not hungry.

You visited 1 branch of the dungeon, and saw 2 of its levels.

You collected 70 gold pieces.

Inventory:

Hand Weapons
 a - a +2 mace (weapon)
 b - a +0 shortbow
Missiles
 c - 28 arrows
 e - 98 stones (quivered)
Armour
 d - a +0 robe (worn)
Scrolls
 i - a scroll of enchant weapon {unknown}
 j - a scroll of identify {unknown}
 k - a scroll of recharging {unknown}
 m - 3 scrolls of remove curse {unknown}
 n - a scroll of blinking {unknown}
Potions
 g - a potion of berserk rage {unknown}
 h - a potion of magic {unknown}
 l - a potion of lignification {unknown}
 o - a potion of flight {unknown}
Comestibles
 f - 2 bread rations


   Skills:
 * Level 3.7 Fighting
 * Level 2.6 Maces & Flails
 - Level 2.0 Throwing
 * Level 2.6 Dodging
 - Level 1.2 Spellcasting
   Level 1.7 Charms


You had 5 spell levels left.
You didn't know any spells.

Dungeon Overview and Level Annotations

Branches:
Dungeon (2/15)

Altars:
Ru
Vehumet


Innate Abilities, Weirdness & Mutations

You are too large for most types of armour.
You have tough skin. (AC +1)


Message History

You closely miss the gnoll. The gnoll hits you but does no damage.
The gnoll hits you with a halberd! The gnoll barely misses you.
You hit the gnoll.
The gnoll is moderately wounded.
The gnoll barely misses you. x2; The gnoll closely misses you.
The gnoll barely misses you.
You barely miss the gnoll.
The gnoll is moderately wounded.
The gnoll hits you with a halberd. The gnoll closely misses you.
The gnoll barely misses you.
You hit the gnoll.
The gnoll is heavily wounded.
The gnoll misses you.
The gnoll hits you from afar with a halberd.
The gnoll hits you from afar with a spear.
* * * LOW HITPOINT WARNING * * *
You hit the gnoll.
The gnoll is severely wounded.
The gnoll hits you with a halberd!
You die...

##.#######...# .
##..........## ..
#..........##
...#####################
........................
........................
........................
######.######..........
#@# #.....##### #g#
#.....#


.gg #..†..# ....# #.....# .....# #.....# ♣....## #.....# ♣♣#### #....## #...##
#...# You could see 3 gnolls.

Vanquished Creatures
  4 adders (D:2)
  An ooze (D:1)
  2 worms (D:2)
  2 dart slugs (D:1)
  A ball python (D:2)
  4 bats
  A giant cockroach (D:2)
  4 goblins
  6 hobgoblins
  4 jackals (D:2)
  A quokka (D:2)
  A frilled lizard (D:2)
  3 kobolds
  5 rats
39 creatures vanquished.

Notes
Turn   | Place    | Note
-------+----------+-------------------------------------------
     0 | D:1      | Chiseanne the Ogre Wanderer began the quest for the Orb.
     0 | D:1      | Chiseanne set off with: a +2 mace, a +0 shortbow, 28 arrows, a +0 robe, a bread ration
     0 | D:1      | Reached XP level 1. HP: 19/19 MP: 2/2
   135 | D:1      | Reached skill level 2 in Fighting
   135 | D:1      | Reached XP level 2. HP: 28/28 MP: 3/3
   552 | D:1      | Reached XP level 3. HP: 34/36 MP: 4/4
   643 | D:2      | Reached skill level 3 in Fighting
   936 | D:2      | Found a sacrificial altar of Ru.
  1195 | D:2      | HP: 1/37 [poisoned by an adder]
  1200 | D:2      | HP: 1/37 [adder (1)]
  1202 | D:2      | Reached XP level 4. HP: 10/45 MP: 5/5
  1458 | D:2      | Found a radiant altar of Vehumet.
  1912 | D:2      | Slain by a gnoll

Vault maps used:
D:1:      evilmike_arrival_hilbert_curve, minmay_misc_feat_rows,
          serial_bayou_pond_b
D:2:      vehumet_crystals, zin_scriptorium, nicolae_ru_awakened_eye,
          moated_statue, uniq_crazy_yiuf_cottage

Skill      XL: |  1  2  3 |
---------------+----------+-----
Maces & Flails | 2 |  2.6
Fighting       | 2 3 |  3.7
Dodging        | 2 |  2.6
Throwing       | |  2.0
Spellcasting   | |  1.2
Charms         | |  1.7

Action                   |  1- 3 |  4- 6 || total
-------------------------+-------+-------++-------
Melee: Mace              |   115 |    38 ||   153
  Use: Potion            |     2 |       ||     2
  Eat: Chunk             |     1 |     2 ||     3
Armor: Robe              |    34 |    13 ||    47
Dodge: Dodged            |    63 |    29 ||    92

Table legend:
 A = Spawn XP
 B = Non-spawn XP
 C = Spawn XP percentage of total XP
 D = Spawn monster count
 E = Non-spawn monster count
 F = Spawn count percentage of total count
 G = Total turns spent on level
                    A         B        C        D         E        F      G
               +---------+---------+-------+---------+---------+-------+---------
         Total |      26 |     100 |  20.6 |       6 |      33 |  15.4 |  1912
               +---------+---------+-------+---------+---------+-------+---------
           D:1 |       6 |      29 |  17.1 |       2 |      14 |  12.5 |   621
           D:2 |      20 |      71 |  22.0 |       4 |      19 |  17.4 |  1291
               +---------+---------+-------+---------+---------+-------+---------
